 Dungeon Sprint DCSS version 0.23-a0-143-g1adec7b (webtiles) character file.

273 TheOrbIsALie the Covert (level 6, 0/51 HPs)
             Began as a Merfolk Transmuter on Aug 31, 2018.
             Slain by a deep elf mage
             ... wielding a +2 long sword of holy wrath
              (6 damage)
             ... in the Dungeon (Sprint III: "The Ten Rune Challenge").
             The game lasted 00:02:20 (639 turns).

TheOrbIsALie the Covert (Merfolk Transmuter)         Turns: 639, Time: 00:02:20

Health: 0/51       AC:  2    Str: 12    XL:     6   Next: 24%
Magic:  9/9        EV: 15    Int: 12    God:
Gold:   33         SH:  0    Dex: 15    Spells: 8/9 levels left

rFire    . . .     SeeInvis .     - Unarmed
rCold    + . .     Gourm    .   (no shield)
rNeg     . . .     Faith    .   b - +0 robe
rPois    .         Spirit   .   (no helmet)
rElec    .         Reflect  .   (no cloak)
rCorr    .         Harm     .   (no gloves)
MR       .....     NoTele   +   (no boots)
Stlth    ++........             (no amulet)
HPRegen  0.17/turn              (no ring)
MPRegen  0.11/turn              (no ring)

@: liquid flames, appendage, glowing
A: change form in water, swift swim, stealthy swim, horns 2, cold resistance 1,
sense surroundings 1
a: End Transformation


You were in the Dungeon.
You were not hungry.
You had grown temporary horns.
You visited 1 branch You collected 33 gold pieces.

Inventory:

Missiles
 a - 12 arrows
Armour
 b - a +0 robe (worn)
Wands
 f - a wand of acid (7)
Scrolls
 j - a scroll of blinking
 k - a scroll of immolation {unknown}
 l - 2 scrolls of amnesia {unknown}
 m - 2 scrolls of remove curse {unknown}
 o - a scroll of torment {unknown}
 p - a scroll of identify {unknown}
Potions
 g - a potion of haste
 h - 2 potions of magic
 n - 3 potions of flight
 q - 6 potions of mutation
Comestibles
 d - 4 rations


   Skills:
 - Level 5.5 Fighting
 - Level 5.5 Dodging
 - Level 10.5 Stealth
 + Level 5.1 Unarmed Combat
 - Level 2.0 Spellcasting
 - Level 6.9 Transmutations


You had 8 spell levels left.
You knew the following spells:

 Your Spells              Type           Power        Failure   Level  Hunger
a - Beastly Appendage     Tmut           ###...       1%          1    ##.....

Your spell library contained the following spells:

 Spells                   Type           Power        Failure   Level  Hunger
 Sticks to Snakes         Tmut           ###.....     2%          2    ###....
 Spider Form              Tmut/Pois      #.........   21%         3    ####...
 Corona                   Hex            #......      26%         1    ##.....
 Magic Dart               Conj           #...         26%         1    ##.....
 Blink                    Tloc           N/A          38%         2    ###....
 Call Imp                 Summ           #.......     38%         2    ###....
 Slow                     Hex            #.......     38%         2    ###....
 Blade Hands              Tmut           ###.......   41%         5    ######.
 Ice Form                 Ice/Tmut       #.......     54%         4    #####..
 Conjure Flame            Conj/Fire      #.......     63%         3    ####...
 Inner Flame              Hex/Fire       #.......     63%         3    ####...
 Mephitic Cloud           Conj/Pois/Air  #.......     63%         3    ####...
 Portal Projectile        Hex/Tloc       #.....       63%         3    ####...
 Cause Fear               Hex            #.........   95%         4    #####..
 Leda's Liquefaction      Hex/Erth       #.........   95%         4    #####..


Dungeon Overview and Level Annotations

Branches:
Dungeon (1/1)

Altars:
Dithmenos
Elyvilon
Kikubaaqudgha
Ru
Sif Muna
Vehumet
Yredelemnul
Zin
The Shining One


Innate Abilities, Weirdness & Mutations

You revert to your normal form in water.
You are very nimble and swift while swimming.
You are very stealthy in the water. (Stealth+)
You have a pair of horns on your head.
Your flesh is cold resistant. (rC+)
You passively map a small area around you.


Message History

You barely miss the deep elf mage.
The deep elf mage is moderately wounded.
You are covered in liquid flames!
* * * LOW HITPOINT WARNING * * *
The deep elf mage closely misses you.
You completely miss the deep elf mage. Your headbutt misses the deep elf mage.
The deep elf mage is moderately wounded.
You are covered in liquid flames!
* * * LOW HITPOINT WARNING * * *
You feel better.
You are covered in liquid flames!
* * * LOW HITPOINT WARNING * * *
The deep elf mage hits you with a long sword of holy wrath!
* * * LOW HITPOINT WARNING * * *
You hit the deep elf mage but do no damage.
The deep elf mage is moderately wounded.
You are covered in liquid flames!
* * * LOW HITPOINT WARNING * * *
The deep elf mage hits you with a long sword of holy wrath.
You die...

▓▓▓▓▓▓▓▓ ▓▓▓ ..'....♣
♣.##### #### ..#....♣
♣.#___# #__# ###....♣♣
♣.#e@.#_ #._#, ,,
..#....≈♣♣♣♣♣.###'#+###)##
,
..#...≈≈..♣...#..........#,
..#..≈≈≈≈.♣♣..'.⌠........#
,
#'#..≈≈≈≈≈≈.♣.#...######+#,
* * .†#.≈≈≈≈≈≈....#.⌠.# _ *
..#.≈≈≈≈≈.....#...#_ ,, ,,
..#.≈≈≈.......#'###__ *, *
###...........#.))# *, , ,


You could see a deep elf mage.

Vanquished Creatures
  A necrophage (D)
  A water elemental (D)
  Jessica (D)
  A wizard (D)
  A necromancer (D)
  A human (D)
  A kobold demonologist (D)
  An ooze (D)
  A phantom (D)
  2 rats (D)
11 creatures vanquished.

Vanquished Creatures (others)
  2 draconian scorchers (D)
  A yaktaur (D)
  6 hellions (D)
9 creatures vanquished.

Grand Total: 20 creatures vanquished

Notes
Turn   | Place    | Note
-------+----------+-------------------------------------------
     0 | D        | TheOrbIsALie the Merfolk Transmuter began the quest for the
                  | Orb.
     0 | D        | Reached XP level 1. HP: 15/15 MP: 3/3
     7 | D        | Reached skill level 5 in Unarmed Combat
   171 | D        | Killed a hellion
   173 | D        | Killed a hellion
   174 | D        | Killed a hellion
   183 | D        | Noticed Jessica
   183 | D        | Killed a hellion
   188 | D        | Killed Jessica
   188 | D        | Reached skill level 5 in Fighting
   188 | D        | Reached XP level 2. HP: 25/27 MP: 3/5
   188 | D        | Reached XP level 3. HP: 31/33 MP: 3/6
   199 | D        | Killed a hellion
   200 | D        | Killed a hellion
   229 | D        | Reached skill level 5 in Dodging
   249 | D        | Killed a white draconian scorcher
   250 | D        | Killed a white draconian scorcher
   260 | D        | Gained mutation: You passively map a small area around you.
                  | [potion of mutation]
   260 | D        | Gained mutation: Your flesh is cold resistant. (rC+)
                  | [potion of mutation]
   324 | D        | Noticed a water elemental
   329 | D        | Killed a water elemental
   329 | D        | Reached skill level 6 in Stealth
   329 | D        | Reached XP level 4. HP: 39/39 MP: 5/7
   371 | D        | Found a basalt altar of Yredelemnul.
   371 | D        | Found a shadowy altar of Dithmenos.
   371 | D        | Found a sacrificial altar of Ru.
   371 | D        | Noticed a necrophage
   377 | D        | Killed a yaktaur
   381 | D        | Killed a necrophage
   381 | D        | Reached skill level 10 in Stealth
   381 | D        | Reached XP level 5. HP: 24/43 MP: 6/8
   389 | D        | Reached XP level 6. HP: 26/51 MP: 6/9
   608 | D        | Found a radiant altar of Vehumet.
   609 | D        | Found a deep blue altar of Sif Muna.
   609 | D        | Found an ancient bone altar of Kikubaaqudgha.
   626 | D        | Found a glowing silver altar of Zin.
   626 | D        | Found a glowing golden altar of the Shining One.
   626 | D        | Found a white marble altar of Elyvilon.
   627 | D        | Noticed a deep elf mage
   639 | D        | Slain by a deep elf mage

Vault maps used:
D:        dungeon_sprint_mu

Skill      XL: |  1  2  3  4  5  6 |
---------------+-------------------+-----
Unarmed Combat | 5 |  5.1
Fighting       | 5 |  5.5
Dodging        | 5 |  5.5
Stealth        | 6 10 | 10.5
Transmutations | 4 6 |  6.9
Spellcasting   | |  2.0

Action                   |  1- 3 |  4- 6 || total
-------------------------+-------+-------++-------
Melee: Unarmed           |    35 |    28 ||    63
       Headbutt          |     9 |     2 ||    11
       Punch             |     1 |       ||     1
 Cast: Beastly Appendage |     5 |     4 ||     9
  Use: Potion            |     2 |     2 ||     4
 Stab: Sleeping          |       |     3 ||     3
Armor: Robe              |     3 |       ||     3
Dodge: Dodged            |    15 |     9 ||    24

Table legend:
 A = Non-vault XP
 B = Vault XP
 C = Vault XP percentage of total XP
 D = Non-vault monster count
 E = Vault monster count
 F = Vault count percentage of total count
                 A         B        C        D         E       F
            +---------+---------+-------+---------+---------+-------
      Total |       0 |     391 | 100.0 |       0 |      11 | 100.0
            +---------+---------+-------+---------+---------+-------
          D |       0 |     391 | 100.0 |       0 |      11 | 100.0
            +---------+---------+-------+---------+---------+-------
